AoeStats
← τττArena Only

Nomad

511046913Analyzed
4v4 RM · 9h ago on Oct 3, 2026· 26m 46s· 8 players
Game mode
Random Map
Map size
231×231
Population
200
Speed
Normal
Resources
Standard
Victory
Conquest
Starting age
Dark Age
Ending age
Imperial Age
RankedLock teamsTeams togetherTeam positionsShared explorationLock speedFull tech treeHidden civsTurbo modeCheats
Victory
Defeat
🇨🇳 Chinese · China
1305
+14
🇨🇳 Khmer · China
1249
+16
🇨🇳 Malay · China
1242
+17
🇧🇩 Dravidians · Bangladesh
1215
+19
🇹🇼 Franks · Taiwan
1293
-18
🇹🇼 Persians · Taiwan
1268
-17
🇹🇼 Vietnamese · Taiwan
1248
-16
🇹🇼 Malians · Taiwan
1232
-15
andyz070300
7:35 Loom
13:23 Feudal Age
18:05 Castle Age
20:22 Double-Bit Axe
22:49 Bow Saw
22:54 Gold Mining
安息吧包子
5:35 Loom
13:26 Feudal Age
17:15 Forging
19:06 Castle Age
18:39 Scale Barding Armor
18:24 Double-Bit Axe
23:23 Gold Mining
23:41 Husbandry
26:53 Scale Mail Armor
27:30 Iron Casting
橋本真也
9:09 Loom
14:21 Feudal Age
20:29 Castle Age
19:31 Double-Bit Axe
20:18 Scale Barding Armor
20:00 Horse Collar
24:25 Bow Saw
26:39 Wheelbarrow
26:55 Scale Barding Armor
小小財
12:17 Loom
14:54 Feudal Age
19:25 Castle Age
20:47 Fletching
随机便投
4:34 Loom
14:13 Feudal Age
17:46 Castle Age
15:57 Fishing Lines
16:16 Double-Bit Axe
19:36 Gillnets
23:34 Bloodlines
24:45 Light Cavalry
J. C. Maxwell
13:47 Feudal Age
17:48 Castle Age
15:53 Double-Bit Axe
16:27 Gold Mining
16:44 Fletching
17:38 Padded Archer Armor
17:50 Horse Collar
18:44 Bow Saw
18:37 Heavy Plow
20:16 Thumb Ring
21:34 Ballistics
21:48 Bodkin Arrow
21:58 Loom
22:36 Leather Archer Armor
26:04 Wheelbarrow
27:02 Hand Cart
26:34 Town Watch
SkullBump
4:39 Loom
14:33 Feudal Age
18:20 Castle Age
17:02 Double-Bit Axe
17:11 Stone Mining
17:11 Gold Mining
26:05 Bow Saw
26:08 Fletching
τττArena Only
3:09 Loom
13:53 Feudal Age
18:41 Castle Age
17:58 Double-Bit Axe
18:03 Fishing Lines
26:38 Bow Saw
26:10 Horse Collar
26:27 Gold Mining
27:09 Heavy Plow
Connection lost

Rejoining the realm…

Still unreachable

The connection could not be restored.

Session expired

The server has moved on; the page needs a fresh start.